Senators vs Tigers

Created - Thursday, February 11, 2016 at 01:35

Goals
1 2 3 OT1 SO T
Senators 0 0 1 0 0 1
Tigers 0 1 0 0 1 2
Shots
1 2 3 OT1 SO T
Senators 6 5 15 5 6 31
Tigers 5 11 14 3 6 33

1st period

No Goal

Penalties :
Kyle Quincey (BRI) for Goalie Interference (Minor) at 2:25, Brandon Bollig (BRI) for Fighting (Major) at 11:08, Philip McRae (BIN) for Fighting (Major) at 11:08, Adam Comrie (BRI) for Hooking (Minor) at 14:45

2nd period

1. Tigers , Brandon Defazio 7 (Ronalds Kenins, Patrick Kaleta) at 13:39

Penalties :
Patrick Kaleta (BRI) for Interference (Minor) at 4:17, Mike Brown (BIN) for Roughing (Minor) at 10:46, Rene Bourque (BRI) for Hooking (Minor) at 14:04

3rd period

2. Senators , Greg Nemisz 13 (Kenny Ryan) at 8:10

Penalties :
Cody McLeod (BRI) for Fighting (Major) at 0:07, Joe Finley (BIN) for Fighting (Major) at 0:07, Mike Brown (BIN) for Interference (Minor) at 3:20, Brandon Bollig (BRI) for Fighting (Major) at 8:15, Philip McRae (BIN) for Fighting (Major) at 8:15, Anthony Peluso (BRI) for Fighting (Major) at 9:09, Greg Nemisz (BIN) for Fighting (Major) at 9:09, Anthony Peluso (BRI) for instigated a fight (Minor) at 9:09, Anthony Peluso (BRI) for instigated a fight (10 Minutes Misconduct) at 9:09, Jesse Blacker (BIN) for Holding (Minor) at 10:10, Brandon Defazio (BRI) for Goalie Interference (Minor) at 14:49

Overtime #1

No Goal

Penalties :
No Penalty

Shootout

Penalty Shot by Emerson Etem for Senators - Stopped by Cam Ward
Penalty Shot by Cody McLeod for Tigers - Stopped by Jean-Francois Berube
Penalty Shot by Kyle Brodziak for Senators - Stopped by Cam Ward
Penalty Shot by Rene Bourque for Tigers - Stopped by Jean-Francois Berube
Penalty Shot by Cody Hodgson for Senators - Stopped by Cam Ward
Penalty Shot by Brandon Bollig for Tigers - Stopped by Jean-Francois Berube
Penalty Shot by Colin Greening for Senators - Shot Misses the Net
Penalty Shot by Ty Rattie for Tigers - Stopped by Jean-Francois Berube
Penalty Shot by Ryan Craig for Senators - Stopped by Cam Ward
Penalty Shot by Patrick Kaleta for Tigers - Shot Misses the Net
Penalty Shot by Greg Nemisz for Senators - Stopped by Cam Ward
Penalty Shot by Jordan Leopold for Tigers - Goal!

Penalties :
No Penalty

Goalie Stats

Jean-Francois Berube (BIN), 32 saves from 33 shots - (0.970), OTL, 21-19-18, 65:00 minutes
Cam Ward (BRI), 30 saves from 31 shots - (0.968), W, 33-5-14, 65:00 minutes

Players Stats for Senators

Player Name              G  A  P  +/- PIM S  H  SB GA TA FO     MP     PP MP  PK MP  
------------------------------------------------------------------------------------
Cody Hodgson             0  0  0   0  0   3  0  1  2  0  0/1    11:49   5:28   0:32 
Colin Greening           0  0  0   0  0   4  1  0  3  1  0/0    20:09   5:28   0:32 
Connor Brown             0  0  0   0  0   5  2  0  3  1  0/0    11:22   0:00   0:00 
Darcy Zajac              0  0  0   0  0   0  1  0  3  0  0/1     5:00   0:43   0:00 
Emerson Etem             0  0  0   0  0   3  0  1  6  0  3/9    25:11   4:23   3:38 
Evan Trupp               0  0  0   0  0   0  2  0  0  0  3/4    12:54   0:00   0:18 
FARM PLAYER38            0  0  0   0  0   0  0  0  0  0  0/0    15:34   0:00   2:06 
Greg Nemisz              1  0  1   0  5   1  3  0  1  0  1/1    13:18   0:00   1:08 
Jesse Blacker            0  0  0   1  2   0  0  2  0  0  0/0    26:14   6:48   2:33 
Joe Finley               0  0  0   1  5   4  5  0  0  1  0/0    24:47   6:20   2:30 
Kenny Ryan               0  1  1   0  0   2  1  0  0  0  1/1     9:18   2:07   0:00 
Kyle Brodziak            0  0  0   0  0   4  2  2  1  2  7/11   24:56   3:43   3:01 
Matt Finn                0  0  0  -1  0   2  0  1  1  3  0/0    23:56   4:07   1:25 
Mike Brown               0  0  0   0  4   1  2  0  4  0  0/2    19:03   5:28   0:00 
Philip McRae             0  0  0   0  10  1  2  1  3  0  4/7    10:08   0:00   0:00 
Ryan Craig               0  0  0   0  0   1  2  0  1  3  8/11   18:58   5:28   0:00 
Tom Nilsson              0  0  0   0  0   0  0  2  0  0  0/0    17:31   0:29   1:01 
Viktor Loov              0  0  0  -1  0   0  0  0  0  1  0/0    23:56   4:07   1:25 

Players Stats for Tigers

Player Name              G  A  P  +/- PIM S  H  SB GA TA FO     MP     PP MP  PK MP  
------------------------------------------------------------------------------------
Adam Comrie              0  0  0   0  2   2  0  0  1  1  0/0    22:37   2:48   3:32 
Alexander Khokhlachev    0  0  0   0  0   6  0  0  0  0  4/10   11:15   2:09   0:00 
Anthony Peluso           0  0  0   0  17  1  0  0  3  1  1/1    10:51   0:18   0:00 
Brandon Bollig           0  0  0   0  10  0  2  0  2  3  0/0    15:25   1:31   2:32 
Brandon Defazio          1  0  1   0  2   2  1  0  0  0  0/0    13:02   1:00   1:07 
Carter Rowney            0  0  0   0  0   0  0  0  0  0  5/9    14:47   2:30   0:00 
Chandler Stephenson      0  0  0   0  0   0  0  0  0  0  2/3    14:14   0:00   1:27 
Cody McLeod              0  0  0   0  5   3  1  2  1  4  9/22   23:40   1:02   5:35 
Harry Zolnierczyk        0  0  0   0  0   0  0  0  2  0  0/0     9:09   1:28   0:00 
Ian White                0  0  0   1  0   0  0  0  0  2  0/0    13:15   0:00   0:00 
Jordan Leopold           0  0  0  -1  0   3  1  1  1  3  0/0    28:44   2:11   6:36 
Kane Lafranchise         0  0  0   0  0   1  0  1  0  1  0/0    23:00   2:48   4:20 
Keith Seabrook           0  0  0   1  0   0  0  0  0  0  0/0    15:45   0:00   2:29 
Kyle Quincey             0  0  0  -1  2   8  0  4  1  3  0/0    27:02   2:11   4:55 
Patrick Kaleta           0  1  1   0  2   1  6  1  1  0  0/2    17:03   0:18   2:15 
Rene Bourque             0  0  0   0  2   3  0  0  0  0  0/1    21:12   2:11   6:03 
Ronalds Kenins           0  1  1   0  0   1  2  0  1  0  0/0     7:57   0:00   0:00 
Ty Rattie                0  0  0   0  0   2  3  0  5  0  0/0    18:55   2:30   2:54 

3 Stars

1 - Jean-Francois Berube (BIN)
2 - Cam Ward (BRI)
3 - Patrick Kaleta (BRI)

Power Play

Senators - 0 on 6 Attempt(s) - 0.00%
Tigers - 0 on 3 Attempt(s) - 0.00%

Penalty Kill

Senators - 3 on 3 Attempt(s) - 100.00% - Score 0 goal in Penalty Kill
Tigers - 6 on 6 Attempt(s) - 100.00% - Score 0 goal in Penalty Kill

Team Stat

Senators - Hits : 23 - Faceoff Wins : 27 - Blocked Shots : 10 - Penalty Minutes : 26
Tigers - Hits : 16 - Faceoff Wins : 21 - Blocked Shots : 9 - Penalty Minutes : 42

Official

Referees : Unknown
Linesman : Unknown

Game Notes

Philip McRae beats up Brandon Bollig at 11:08 of 1st period
Joe Finley beats up Cody McLeod at 0:07 of 3rd period
Philip McRae beats up Brandon Bollig at 8:15 of 3rd period
Anthony Peluso beats up Greg Nemisz at 9:09 of 3rd period
Harry Zolnierczyk is injured at 19:17 of 3rd period (Left Hand)

Finance

Level 1 -- Attendance: 1638 (81.90%) -- Ticket Income $57,330
Level 2 -- Attendance: 741 (74.10%) -- Ticket Income $11,115
Total Attendance: 2379 (79.30%)
Total Ticket Income: $68,445
Other Income: $33,538
Total Income: $101,983

Senators

5 vs 5 Forward 
   Center                   Left Wing                Right Wing               Time % Phy DF OF 
 1 Kyle Brodziak            Emerson Etem             Cody Hodgson             35     1   2  2  
 2 Ryan Craig               Colin Greening           Mike Brown               30     1   2  2  
 3 Evan Trupp               Emerson Etem             Greg Nemisz              22     1   2  2  
 4 Philip McRae             Kyle Brodziak            Connor Brown             13     1   2  2  

5 vs 5 Defense 
   Defense                  Defense                                           Time % Phy DF OF 
 1 Jesse Blacker            Joe Finley                                        35     1   2  2  
 2 Viktor Loov              Matt Finn                                         30     1   2  2  
 3 Tom Nilsson              FARM PLAYER38                                     22     1   2  2  
 4 Jesse Blacker            Joe Finley                                        13     1   2  2  

PowerPlay Forward 
   Center                   Left Wing                Right Wing               Time % Phy DF OF 
 1 Kyle Brodziak            Emerson Etem             Cody Hodgson             60     1   2  2  
 2 Ryan Craig               Colin Greening           Mike Brown               40     1   2  2  

PowerPlay Defense
   Defense                  Defense                                           Time % Phy DF OF 
 1 Jesse Blacker            Joe Finley                                        60     1   2  2  
 2 Viktor Loov              Matt Finn                                         40     1   2  2  

Penalty Kill 4 Players Forward 
   Center                   Wing                     Time % Phy DF OF 
 1 Emerson Etem             Kyle Brodziak            60     1   2  2  
 2 Cody Hodgson             Colin Greening           40     1   2  2  

Penalty Kill 4 Players Defense
   Defense                  Defense                  Time % Phy DF OF 
 1 Jesse Blacker            Joe Finley               60     1   2  2  
 2 Viktor Loov              Matt Finn                40     1   2  2  

Penalty Kill - 3 Players Forward 
   Forward                                           Time % Phy DF OF 
 1 Emerson Etem                                      60     1   2  2  
 2 Kyle Brodziak                                     40     1   2  2  

Penalty Kill - 3 Players Defense
   Defense                  Defense                  Time % Phy DF OF 
 1 Jesse Blacker            Joe Finley               60     1   2  2  
 2 Viktor Loov              Matt Finn                40     1   2  2  

4 vs 4 Forward 
   Center                   Wing                     Time % Phy DF OF 
 1 Emerson Etem             Kyle Brodziak            60     1   2  2  
 2 Cody Hodgson             Colin Greening           40     1   2  2  

4 vs 4 Defense
   Defense                  Defense                  Time % Phy DF OF 
 1 Jesse Blacker            Joe Finley               60     1   2  2  
 2 Viktor Loov              Matt Finn                40     1   2  2  

Last Minutes Offensive
   Center                   Left Wing                Right Wing               Defense                  Defense                  
   Kyle Brodziak            Emerson Etem             Cody Hodgson             Jesse Blacker            Joe Finley               

Last Minutes Defensive
   Center                   Left Wing                Right Wing               Defense                  Defense                  
   Kyle Brodziak            Emerson Etem             Cody Hodgson             Jesse Blacker            Joe Finley               

Goaltenders
Starting : Jean-Francois Berube     
Backup : Cedrick Desjardins       

Extra Forwards
Normal : Kenny Ryan, Darcy Zajac, Greg Nemisz - PP : Kenny Ryan, Darcy Zajac - PK : Greg Nemisz
Extra Defensemen
Normal : Tom Nilsson, FARM PLAYER38, Viktor Loov - PP : Tom Nilsson - PK : FARM PLAYER38, Viktor Loov
Penalty Shots
Emerson Etem, Kyle Brodziak, Cody Hodgson, Colin Greening, Ryan Craig

Tigers

5 vs 5 Forward 
   Center                   Left Wing                Right Wing               Time % Phy DF OF 
 1 Alexander Khokhlachev    Cody McLeod              Rene Bourque             35     1   2  2  
 2 Carter Rowney            Brandon Bollig           Ty Rattie                30     1   2  2  
 3 Chandler Stephenson      Patrick Kaleta           Anthony Peluso           22     1   2  2  
 4 Cody McLeod              Ronalds Kenins           Brandon Defazio          13     1   2  2  

5 vs 5 Defense 
   Defense                  Defense                                           Time % Phy DF OF 
 1 Kyle Quincey             Jordan Leopold                                    35     1   2  2  
 2 Adam Comrie              Kane Lafranchise                                  30     1   2  2  
 3 Ian White                Keith Seabrook                                    22     1   2  2  
 4 Kyle Quincey             Jordan Leopold                                    13     1   2  2  

PowerPlay Forward 
   Center                   Left Wing                Right Wing               Time % Phy DF OF 
 1 Alexander Khokhlachev    Cody McLeod              Rene Bourque             60     1   2  2  
 2 Carter Rowney            Brandon Bollig           Ty Rattie                40     1   2  2  

PowerPlay Defense
   Defense                  Defense                                           Time % Phy DF OF 
 1 Kyle Quincey             Jordan Leopold                                    60     1   2  2  
 2 Adam Comrie              Kane Lafranchise                                  40     1   2  2  

Penalty Kill 4 Players Forward 
   Center                   Wing                     Time % Phy DF OF 
 1 Cody McLeod              Rene Bourque             60     1   2  2  
 2 Brandon Bollig           Ty Rattie                40     1   2  2  

Penalty Kill 4 Players Defense
   Defense                  Defense                  Time % Phy DF OF 
 1 Kyle Quincey             Jordan Leopold           60     1   2  2  
 2 Adam Comrie              Kane Lafranchise         40     1   2  2  

Penalty Kill - 3 Players Forward 
   Forward                                           Time % Phy DF OF 
 1 Cody McLeod                                       60     1   2  2  
 2 Rene Bourque                                      40     1   2  2  

Penalty Kill - 3 Players Defense
   Defense                  Defense                  Time % Phy DF OF 
 1 Kyle Quincey             Jordan Leopold           60     1   2  2  
 2 Adam Comrie              Kane Lafranchise         40     1   2  2  

4 vs 4 Forward 
   Center                   Wing                     Time % Phy DF OF 
 1 Cody McLeod              Rene Bourque             60     1   2  2  
 2 Brandon Bollig           Ty Rattie                40     1   2  2  

4 vs 4 Defense
   Defense                  Defense                  Time % Phy DF OF 
 1 Kyle Quincey             Jordan Leopold           60     1   2  2  
 2 Adam Comrie              Kane Lafranchise         40     1   2  2  

Last Minutes Offensive
   Center                   Left Wing                Right Wing               Defense                  Defense                  
   Alexander Khokhlachev    Cody McLeod              Rene Bourque             Kyle Quincey             Jordan Leopold           

Last Minutes Defensive
   Center                   Left Wing                Right Wing               Defense                  Defense                  
   Alexander Khokhlachev    Cody McLeod              Rene Bourque             Kyle Quincey             Jordan Leopold           

Goaltenders
Starting : Cam Ward                 
Backup : Scott Munroe             

Extra Forwards
Normal : Harry Zolnierczyk, Brandon Defazio, Patrick Kaleta - PP : Harry Zolnierczyk, Brandon Defazio - PK : Patrick Kaleta
Extra Defensemen
Normal : Ian White, Keith Seabrook, Adam Comrie - PP : Ian White - PK : Keith Seabrook, Adam Comrie
Penalty Shots
Cody McLeod, Rene Bourque, Brandon Bollig, Ty Rattie, Patrick Kaleta

% Time on Ice - Senators

Lines # - Real PCT - Wanted PCT - Time Play
Normal Forward
1 - 13% - 35% - 5:39
2 - 31% - 30% - 13:30
3 - 29% - 22% - 12:36
4 - 26% - 13% - 11:22
Normal Defense
1 - 29% - 35% - 12:27
2 - 37% - 30% - 15:51
3 - 30% - 22% - 12:50
4 - 5% - 13% - 1:59
PP Forward
1 - 50% - 60% - 5:28
2 - 50% - 40% - 5:28
PP Defense
1 - 62% - 60% - 6:49
2 - 38% - 40% - 4:07
PK Forward
1 - 89% - 60% - 4:27
2 - 11% - 40% - 0:32
PK Defense
1 - 72% - 60% - 3:34
2 - 28% - 40% - 1:25
PK3 Forward
1 - 0% - 60%
2 - 0% - 40%
PK3 Defense
1 - 0% - 60%
2 - 0% - 40%
44 Forward
1 - 89% - 60% - 5:19
2 - 11% - 40% - 0:39
44 Defense
1 - 57% - 60% - 3:25
2 - 43% - 40% - 2:33
Last Minute Offensive  - 0:00
Last Minute Defensive  - 0:00
Total
Forward - 65:00
Defense - 65:00

% Time on Ice - Tigers

Lines # - Real PCT - Wanted PCT - Time Play
Normal Forward
1 - 23% - 35% - 9:58
2 - 30% - 30% - 12:48
3 - 29% - 22% - 12:24
4 - 18% - 13% - 7:57
Normal Defense
1 - 33% - 35% - 14:21
2 - 31% - 30% - 13:30
3 - 31% - 22% - 13:15
4 - 5% - 13% - 2:01
PP Forward
1 - 50% - 60% - 2:29
2 - 50% - 40% - 2:30
PP Defense
1 - 44% - 60% - 2:11
2 - 56% - 40% - 2:48
PK Forward
1 - 73% - 60% - 8:02
2 - 27% - 40% - 2:54
PK Defense
1 - 60% - 60% - 6:36
2 - 40% - 40% - 4:20
PK3 Forward
1 - 0% - 60%
2 - 0% - 40%
PK3 Defense
1 - 0% - 60%
2 - 0% - 40%
44 Forward
1 - 88% - 60% - 5:15
2 - 12% - 40% - 0:43
44 Defense
1 - 60% - 60% - 3:36
2 - 40% - 40% - 2:22
Last Minute Offensive  - 0:00
Last Minute Defensive  - 0:00
Total
Forward - 65:00
Defense - 65:00

Play by Play

1st period


0:01 of 1st period - Kyle Brodziak wins face-off versus Alexander Khokhlachev in neutral zone.
0:16 of 1st period - Kyle Quincey is hit by Joe Finley and loses puck.
0:27 of 1st period - Snap shot by Cody Hodgson.
0:27 of 1st period - Shot Blocked by Kyle Quincey.
0:29 of 1st period - Snap shot by Kyle Brodziak.
0:29 of 1st period - Stopped by Cam Ward without a rebound.
0:30 of 1st period - Ryan Craig wins face-off versus Carter Rowney in Tigers zone.
1:20 of 1st period - Greg Nemisz is hit by Patrick Kaleta and loses puck.
2:25 of 1st period - Minor Penalty to Kyle Quincey for Goalie Interference.
2:26 of 1st period - Ryan Craig wins face-off versus Cody McLeod in Tigers zone.
2:56 of 1st period - Off-side.
2:57 of 1st period - Cody McLeod wins face-off versus Kyle Brodziak in neutral zone.
3:02 of 1st period - Snap shot by Jordan Leopold.
3:02 of 1st period - Shot Blocked by Kyle Brodziak.
4:25 of 1st period - Penalty to Kyle Quincey is over, Kyle Quincey is back on ice.
5:53 of 1st period - Snap shot by Mike Brown.
5:53 of 1st period - Shot Misses the Net.
5:55 of 1st period - Snap shot by Tom Nilsson.
5:55 of 1st period - Shot Blocked by Patrick Kaleta.
5:57 of 1st period - Snap shot by Ryan Craig.
5:57 of 1st period - Shot Misses the Net.
6:11 of 1st period - Kane Lafranchise is hit by Greg Nemisz and loses puck.
6:20 of 1st period - Snap shot by Ronalds Kenins.
6:20 of 1st period - Stopped by Jean-Francois Berube with a rebound.
6:24 of 1st period - Snap shot by Ronalds Kenins.
6:24 of 1st period - Shot Misses the Net.
6:26 of 1st period - Slapshot by Ronalds Kenins.
6:26 of 1st period - Deflect By Cody McLeod.
6:26 of 1st period - Stopped by Jean-Francois Berube with a rebound.
6:28 of 1st period - Snap shot by Brandon Defazio.
6:28 of 1st period - Stopped by Jean-Francois Berube without a rebound.
6:29 of 1st period - Carter Rowney wins face-off versus Philip McRae in Senators zone.
6:42 of 1st period - Slapshot by Ty Rattie.
6:42 of 1st period - Stopped by Jean-Francois Berube with a rebound.
7:06 of 1st period - Ty Rattie is hit by Colin Greening and loses puck.
7:29 of 1st period - Wrist shot by Cody Hodgson.
7:29 of 1st period - Deflect By Emerson Etem.
7:29 of 1st period - Stopped by Cam Ward with a rebound.
7:49 of 1st period - Wrist shot by Connor Brown.
7:49 of 1st period - Deflect By Kenny Ryan.
7:49 of 1st period - Stopped by Cam Ward with a rebound.
7:51 of 1st period - Backhand shot by Matt Finn.
7:51 of 1st period - Stopped by Cam Ward with a rebound.
7:53 of 1st period - Snap shot by Kenny Ryan.
7:53 of 1st period - Stopped by Cam Ward without a rebound.
7:54 of 1st period - Philip McRae wins face-off versus Cody McLeod in Tigers zone.
8:27 of 1st period - Patrick Kaleta is hit by Greg Nemisz and loses puck.
9:01 of 1st period - Brandon Bollig is hit by Ryan Craig and loses puck.
9:19 of 1st period - Rene Bourque is hit by Joe Finley and loses puck.
11:08 of 1st period - Philip McRae beats up Brandon Bollig.
11:08 of 1st period - Penalty to Brandon Bollig for Fighting.
11:08 of 1st period - Penalty to Philip McRae for Fighting.
11:09 of 1st period - Chandler Stephenson wins face-off versus Darcy Zajac in Tigers zone.
11:34 of 1st period - Slapshot by Anthony Peluso.
11:34 of 1st period - Shot Misses the Net.
12:04 of 1st period - Kyle Quincey is hit by Mike Brown and loses puck.
12:16 of 1st period - Off-side.
12:17 of 1st period - Evan Trupp wins face-off versus Alexander Khokhlachev in neutral zone.
13:00 of 1st period - Mike Brown is hit by Patrick Kaleta and loses puck.
13:27 of 1st period - Kyle Brodziak is hit by Ty Rattie and loses puck.
14:00 of 1st period - Emerson Etem is hit by Ronalds Kenins and loses puck.
14:45 of 1st period - Minor Penalty to Adam Comrie for Hooking.
14:46 of 1st period - Cody McLeod wins face-off versus Kyle Brodziak in Tigers zone.
15:19 of 1st period - Mike Brown is hit by Patrick Kaleta and loses puck.
16:08 of 1st period - Penalty to Brandon Bollig is over, Brandon Bollig is back on ice.
16:45 of 1st period - Penalty to Adam Comrie is over, Adam Comrie is back on ice.
16:52 of 1st period - Brandon Bollig is hit by Kyle Brodziak and loses puck.
17:21 of 1st period - Slapshot by Connor Brown.
17:21 of 1st period - Shot Misses the Net.
17:23 of 1st period - Slapshot by Connor Brown.
17:23 of 1st period - Stopped by Cam Ward with a rebound.
19:18 of 1st period - Wrist shot by Alexander Khokhlachev.
19:18 of 1st period - Stopped by Jean-Francois Berube without a rebound.
19:19 of 1st period - Evan Trupp wins face-off versus Alexander Khokhlachev in Senators zone.
19:31 of 1st period - Off-side.
19:32 of 1st period - Carter Rowney wins face-off versus Evan Trupp in neutral zone.
19:37 of 1st period - Wrist shot by Ty Rattie.
19:37 of 1st period - Shot Misses the Net.
19:53 of 1st period - Slapshot by Ty Rattie.
19:53 of 1st period - Shot Misses the Net.
Goals for this period are 0 for Senators vs 0 for Tigers.
Shots for this period are 6 for Senators vs 5 for Tigers.

2nd period


0:01 of 2nd period - Kyle Brodziak wins face-off versus Cody McLeod in neutral zone.
0:57 of 2nd period - Viktor Loov is hit by Brandon Bollig and loses puck.
2:30 of 2nd period - Adam Comrie is hit by Connor Brown and loses puck.
2:39 of 2nd period - Kane Lafranchise is hit by Philip McRae and loses puck.
4:17 of 2nd period - Minor Penalty to Patrick Kaleta for Interference.
4:18 of 2nd period - Ryan Craig wins face-off versus Cody McLeod in Tigers zone.
5:08 of 2nd period - Colin Greening is hit by Jordan Leopold and loses puck.
5:53 of 2nd period - Snap shot by Cody Hodgson.
5:53 of 2nd period - Shot Misses the Net.
5:55 of 2nd period - Snap shot by Kenny Ryan.
5:55 of 2nd period - Shot Misses the Net.
6:17 of 2nd period - Penalty to Patrick Kaleta is over, Patrick Kaleta is back on ice.
6:30 of 2nd period - Wrist shot by Anthony Peluso.
6:30 of 2nd period - Shot Misses the Net.
6:43 of 2nd period - Chandler Stephenson is hit by Evan Trupp and loses puck.
6:55 of 2nd period - Icing by Ian White.
6:56 of 2nd period - Philip McRae wins face-off versus Cody McLeod in Tigers zone.
7:11 of 2nd period - Slapshot by Philip McRae.
7:11 of 2nd period - Stopped by Cam Ward without a rebound.
7:12 of 2nd period - Philip McRae wins face-off versus Cody McLeod in Tigers zone.
7:46 of 2nd period - Wrist shot by Patrick Kaleta.
7:46 of 2nd period - Shot Misses the Net.
7:48 of 2nd period - Wrist shot by Jordan Leopold.
7:48 of 2nd period - Deflect By Anthony Peluso.
7:48 of 2nd period - Stopped by Jean-Francois Berube without a rebound.
7:49 of 2nd period - Chandler Stephenson wins face-off versus Philip McRae in Senators zone.
7:50 of 2nd period - Slapshot by Patrick Kaleta.
7:50 of 2nd period - Shot Misses the Net.
8:01 of 2nd period - Snap shot by Connor Brown.
8:01 of 2nd period - Stopped by Cam Ward with a rebound.
9:02 of 2nd period - Wrist shot by Alexander Khokhlachev.
9:02 of 2nd period - Stopped by Jean-Francois Berube with a rebound.
9:04 of 2nd period - Wrist shot by Alexander Khokhlachev.
9:04 of 2nd period - Shot Blocked by Matt Finn.
9:54 of 2nd period - Wrist shot by Colin Greening.
9:54 of 2nd period - Stopped by Cam Ward without a rebound.
9:55 of 2nd period - Ryan Craig wins face-off versus Patrick Kaleta in Tigers zone.
10:24 of 2nd period - Slapshot by Kyle Quincey.
10:24 of 2nd period - Stopped by Jean-Francois Berube with a rebound.
10:34 of 2nd period - Ty Rattie is hit by Connor Brown and loses puck.
10:46 of 2nd period - Minor Penalty to Mike Brown for Roughing.
10:47 of 2nd period - Emerson Etem wins face-off versus Cody McLeod in Senators zone.
11:01 of 2nd period - Slapshot by Alexander Khokhlachev.
11:01 of 2nd period - Stopped by Jean-Francois Berube with a rebound.
11:03 of 2nd period - Snap shot by Adam Comrie.
11:03 of 2nd period - Deflect By Emerson Etem.
11:03 of 2nd period - Stopped by Jean-Francois Berube with a rebound.
11:05 of 2nd period - Slapshot by Adam Comrie.
11:05 of 2nd period - Stopped by Jean-Francois Berube with a rebound.
11:07 of 2nd period - Slapshot by Adam Comrie.
11:07 of 2nd period - Shot Misses the Net.
11:09 of 2nd period - Slapshot by Kane Lafranchise.
11:09 of 2nd period - Stopped by Jean-Francois Berube with a rebound.
11:11 of 2nd period - Snap shot by Rene Bourque.
11:11 of 2nd period - Stopped by Jean-Francois Berube with a rebound.
11:29 of 2nd period - Snap shot by Greg Nemisz.
11:29 of 2nd period - Deflect By FARM PLAYER38.
11:29 of 2nd period - Shot Misses the Net.
11:29 of 2nd period - Puck is out of play.
11:30 of 2nd period - Greg Nemisz wins face-off versus Carter Rowney in Tigers zone.
11:53 of 2nd period - Slapshot by Brandon Bollig.
11:53 of 2nd period - Deflect By Ty Rattie.
11:53 of 2nd period - Shot Misses the Net.
11:53 of 2nd period - Puck is out of play.
11:54 of 2nd period - Alexander Khokhlachev wins face-off versus Emerson Etem in Senators zone.
11:59 of 2nd period - Slapshot by Alexander Khokhlachev.
11:59 of 2nd period - Shot Misses the Net.
12:28 of 2nd period - Emerson Etem is hit by Ty Rattie and loses puck.
12:43 of 2nd period - Wrist shot by Ty Rattie.
12:43 of 2nd period - Stopped by Jean-Francois Berube with a rebound.
12:46 of 2nd period - Penalty to Mike Brown is over, Mike Brown is back on ice.
13:39 of 2nd period - Slapshot by Ronalds Kenins.
13:39 of 2nd period - Deflect By Brandon Defazio.
13:39 of 2nd period - Goal by Brandon Defazio - Senators : 0 - Tigers : 1.
13:40 of 2nd period - Ryan Craig wins face-off versus Alexander Khokhlachev in neutral zone.
14:04 of 2nd period - Minor Penalty to Rene Bourque for Hooking.
14:05 of 2nd period - Cody McLeod wins face-off versus Mike Brown in Tigers zone.
14:45 of 2nd period - Snap shot by Kyle Quincey.
14:45 of 2nd period - Shot Blocked by Cody Hodgson.
15:27 of 2nd period - Adam Comrie is hit by Darcy Zajac and loses puck.
15:46 of 2nd period - Cody McLeod is hit by Joe Finley and loses puck.
16:04 of 2nd period - Penalty to Rene Bourque is over, Rene Bourque is back on ice.
16:10 of 2nd period - Colin Greening is hit by Patrick Kaleta and loses puck.
16:25 of 2nd period - Emerson Etem is hit by Ty Rattie and loses puck.
16:50 of 2nd period - Wrist shot by Connor Brown.
16:50 of 2nd period - Stopped by Cam Ward with a rebound.
16:52 of 2nd period - Snap shot by Kyle Brodziak.
16:52 of 2nd period - Stopped by Cam Ward without a rebound.
16:53 of 2nd period - Anthony Peluso wins face-off versus Philip McRae in Tigers zone.
17:04 of 2nd period - Snap shot by Patrick Kaleta.
17:04 of 2nd period - Stopped by Jean-Francois Berube with a rebound.
17:06 of 2nd period - Slapshot by Keith Seabrook.
17:06 of 2nd period - Shot Blocked by Philip McRae.
18:57 of 2nd period - Icing by Ryan Craig.
18:58 of 2nd period - Ryan Craig wins face-off versus Carter Rowney in Senators zone.
19:35 of 2nd period - Slapshot by Jordan Leopold.
19:35 of 2nd period - Shot Hit the Post.
19:50 of 2nd period - Wrist shot by Ronalds Kenins.
19:50 of 2nd period - Shot Misses the Net.
19:52 of 2nd period - Snap shot by Harry Zolnierczyk.
19:52 of 2nd period - Shot Misses the Net.
Goals for this period are 0 for Senators vs 1 for Tigers.
Shots for this period are 5 for Senators vs 11 for Tigers.

3rd period


0:01 of 3rd period - Kyle Brodziak wins face-off versus Alexander Khokhlachev in neutral zone.
0:07 of 3rd period - Joe Finley beats up Cody McLeod.
0:07 of 3rd period - Penalty to Cody McLeod for Fighting.
0:07 of 3rd period - Penalty to Joe Finley for Fighting.
0:08 of 3rd period - Emerson Etem wins face-off versus Alexander Khokhlachev in Tigers zone.
0:09 of 3rd period - Snap shot by Cody Hodgson.
0:09 of 3rd period - Stopped by Cam Ward with a rebound.
0:15 of 3rd period - Slapshot by Jordan Leopold.
0:15 of 3rd period - Deflect By Harry Zolnierczyk.
0:15 of 3rd period - Shot Misses the Net.
0:15 of 3rd period - Puck is out of play.
0:16 of 3rd period - Alexander Khokhlachev wins face-off versus Cody Hodgson in Senators zone.
0:17 of 3rd period - Slapshot by Jordan Leopold.
0:17 of 3rd period - Shot Misses the Net.
0:19 of 3rd period - Slapshot by Jordan Leopold.
0:19 of 3rd period - Shot Blocked by Jesse Blacker.
0:21 of 3rd period - Slapshot by Kyle Quincey.
0:21 of 3rd period - Shot Hit the Post.
0:25 of 3rd period - Snap shot by Rene Bourque.
0:25 of 3rd period - Shot Blocked by Jesse Blacker.
0:27 of 3rd period - Snap shot by Rene Bourque.
0:27 of 3rd period - Stopped by Jean-Francois Berube with a rebound.
0:29 of 3rd period - Slapshot by Kyle Quincey.
0:29 of 3rd period - Shot Misses the Net.
0:31 of 3rd period - Slapshot by Kyle Quincey.
0:31 of 3rd period - Stopped by Jean-Francois Berube with a rebound.
0:35 of 3rd period - Wrist shot by Alexander Khokhlachev.
0:35 of 3rd period - Stopped by Jean-Francois Berube with a rebound.
0:37 of 3rd period - Snap shot by Alexander Khokhlachev.
0:37 of 3rd period - Shot Misses the Net.
0:39 of 3rd period - Slapshot by Jordan Leopold.
0:39 of 3rd period - Stopped by Jean-Francois Berube with a rebound.
0:51 of 3rd period - Wrist shot by Alexander Khokhlachev.
0:51 of 3rd period - Deflect By Jesse Blacker.
0:51 of 3rd period - Shot Misses the Net.
0:51 of 3rd period - Puck is out of play.
0:52 of 3rd period - Carter Rowney wins face-off versus Mike Brown in Senators zone.
1:52 of 3rd period - Carter Rowney is hit by Evan Trupp and loses puck.
2:03 of 3rd period - Slapshot by Greg Nemisz.
2:03 of 3rd period - Shot Misses the Net.
2:21 of 3rd period - Wrist shot by Connor Brown.
2:21 of 3rd period - Stopped by Cam Ward with a rebound.
2:53 of 3rd period - Icing by Philip McRae.
2:54 of 3rd period - Philip McRae wins face-off versus Rene Bourque in Senators zone.
3:20 of 3rd period - Minor Penalty to Mike Brown for Interference.
3:21 of 3rd period - Alexander Khokhlachev wins face-off versus Emerson Etem in Senators zone.
3:29 of 3rd period - Snap shot by Kyle Quincey.
3:29 of 3rd period - Stopped by Jean-Francois Berube with a rebound.
3:39 of 3rd period - Backhand shot by Kyle Quincey.
3:39 of 3rd period - Shot Blocked by Emerson Etem.
3:41 of 3rd period - Slapshot by Kyle Quincey.
3:41 of 3rd period - Shot Blocked by Kyle Brodziak.
3:53 of 3rd period - Snap shot by Kyle Quincey.
3:53 of 3rd period - Stopped by Jean-Francois Berube with a rebound.
4:44 of 3rd period - Backhand shot by Cody Hodgson.
4:44 of 3rd period - Shot Misses the Net.
4:57 of 3rd period - Cody Hodgson is hit by Brandon Bollig and loses puck.
5:07 of 3rd period - Penalty to Joe Finley is over, Joe Finley is back on ice.
5:39 of 3rd period - Jordan Leopold is hit by Ryan Craig and loses puck.
6:04 of 3rd period - Ryan Craig is hit by Ronalds Kenins and loses puck.
6:28 of 3rd period - Kane Lafranchise is hit by Philip McRae and loses puck.
6:33 of 3rd period - Slapshot by Connor Brown.
6:33 of 3rd period - Stopped by Cam Ward with a rebound.
6:35 of 3rd period - Backhand shot by Viktor Loov.
6:35 of 3rd period - Shot Misses the Net.
7:38 of 3rd period - Snap shot by Colin Greening.
7:38 of 3rd period - Stopped by Cam Ward with a rebound.
7:40 of 3rd period - Snap shot by Ryan Craig.
7:40 of 3rd period - Deflect By Colin Greening.
7:40 of 3rd period - Stopped by Cam Ward with a rebound.
7:42 of 3rd period - Snap shot by Ryan Craig.
7:42 of 3rd period - Shot Misses the Net.
7:44 of 3rd period - Slapshot by Ryan Craig.
7:44 of 3rd period - Shot Blocked by Cody McLeod.
8:08 of 3rd period - Snap shot by Greg Nemisz.
8:08 of 3rd period - Shot Misses the Net.
8:10 of 3rd period - Backhand shot by Greg Nemisz.
8:10 of 3rd period - Goal by Greg Nemisz - Senators : 1 - Tigers : 1.
8:11 of 3rd period - Kyle Brodziak wins face-off versus Carter Rowney in neutral zone.
8:15 of 3rd period - Philip McRae beats up Brandon Bollig.
8:15 of 3rd period - Penalty to Brandon Bollig for Fighting.
8:15 of 3rd period - Penalty to Philip McRae for Fighting.
8:16 of 3rd period - Carter Rowney wins face-off versus Ryan Craig in Tigers zone.
8:31 of 3rd period - Slapshot by Ryan Craig.
8:31 of 3rd period - Shot Misses the Net.
8:33 of 3rd period - Snap shot by Mike Brown.
8:33 of 3rd period - Shot Misses the Net.
9:03 of 3rd period - Kane Lafranchise is hit by Greg Nemisz and loses puck.
9:09 of 3rd period - Anthony Peluso beats up Greg Nemisz.
9:09 of 3rd period - Penalty to Anthony Peluso for Fighting.
9:09 of 3rd period - Penalty to Greg Nemisz for Fighting.
9:09 of 3rd period - Penalty to Anthony Peluso for instigated a fight.
9:09 of 3rd period - Penalty to Anthony Peluso for instigated a fight.
9:10 of 3rd period - Cody McLeod wins face-off versus Kyle Brodziak in Tigers zone.
9:29 of 3rd period - Wrist shot by Emerson Etem.
9:29 of 3rd period - Deflect By Cody Hodgson.
9:29 of 3rd period - Stopped by Cam Ward without a rebound.
9:30 of 3rd period - Kyle Brodziak wins face-off versus Cody McLeod in Tigers zone.
9:31 of 3rd period - Wrist shot by Cody Hodgson.
9:31 of 3rd period - Stopped by Cam Ward with a rebound.
9:33 of 3rd period - Slapshot by Joe Finley.
9:33 of 3rd period - Deflect By Jordan Leopold.
9:33 of 3rd period - Stopped by Cam Ward without a rebound.
9:34 of 3rd period - Ryan Craig wins face-off versus Cody McLeod in Tigers zone.
9:41 of 3rd period - Snap shot by Colin Greening.
9:41 of 3rd period - Shot Blocked by Kyle Quincey.
9:43 of 3rd period - Slapshot by Ryan Craig.
9:43 of 3rd period - Stopped by Cam Ward with a rebound.
9:45 of 3rd period - Snap shot by Ryan Craig.
9:45 of 3rd period - Shot Misses the Net.
9:47 of 3rd period - Slapshot by Joe Finley.
9:47 of 3rd period - Stopped by Cam Ward with a rebound.
9:49 of 3rd period - Snap shot by Colin Greening.
9:49 of 3rd period - Shot Blocked by Kyle Quincey.
9:51 of 3rd period - Backhand shot by Ryan Craig.
9:51 of 3rd period - Shot Misses the Net.
9:53 of 3rd period - Slapshot by Joe Finley.
9:53 of 3rd period - Deflect By Kyle Quincey.
9:53 of 3rd period - Stopped by Cam Ward with a rebound.
9:55 of 3rd period - Wrist shot by Colin Greening.
9:55 of 3rd period - Shot Blocked by Kyle Quincey.
9:57 of 3rd period - Slapshot by Jesse Blacker.
9:57 of 3rd period - Deflect By Colin Greening.
9:57 of 3rd period - Shot Misses the Net.
9:57 of 3rd period - Puck is out of play.
9:58 of 3rd period - Kyle Brodziak wins face-off versus Cody McLeod in Tigers zone.
10:10 of 3rd period - Minor Penalty to Jesse Blacker for Holding.
10:11 of 3rd period - Cody McLeod wins face-off versus Emerson Etem in Senators zone.
10:11 of 3rd period - Slapshot by Kyle Quincey.
10:11 of 3rd period - Deflect By Cody McLeod.
10:11 of 3rd period - Stopped by Jean-Francois Berube without a rebound.
10:12 of 3rd period - Cody McLeod wins face-off versus Emerson Etem in Senators zone.
10:13 of 3rd period - Slapshot by Kyle Quincey.
10:13 of 3rd period - Deflect By Joe Finley.
10:13 of 3rd period - Stopped by Jean-Francois Berube with a rebound.
10:15 of 3rd period - Wrist shot by Cody McLeod.
10:15 of 3rd period - Shot Blocked by Tom Nilsson.
10:23 of 3rd period - Wrist shot by Kyle Quincey.
10:23 of 3rd period - Shot Blocked by Tom Nilsson.
11:07 of 3rd period - Icing by Joe Finley.
11:08 of 3rd period - Cody McLeod wins face-off versus Emerson Etem in Senators zone.
11:09 of 3rd period - Penalty to Anthony Peluso is over, Harry Zolnierczyk is send on ice.
11:17 of 3rd period - Kane Lafranchise is hit by Joe Finley and loses puck.
12:02 of 3rd period - Joe Finley is hit by Brandon Defazio and loses puck.
12:10 of 3rd period - Penalty to Jesse Blacker is over, Jesse Blacker is back on ice.
12:31 of 3rd period - Mike Brown is hit by Patrick Kaleta and loses puck.
12:38 of 3rd period - Wrist shot by Colin Greening.
12:38 of 3rd period - Stopped by Cam Ward without a rebound.
12:39 of 3rd period - Cody McLeod wins face-off versus Ryan Craig in Tigers zone.
12:39 of 3rd period - Cody McLeod is hit by Mike Brown.
13:29 of 3rd period - Slapshot by Cody McLeod.
13:29 of 3rd period - Stopped by Jean-Francois Berube with a rebound.
14:07 of 3rd period - Slapshot by Kyle Quincey.
14:07 of 3rd period - Shot Misses the Net.
14:09 of 3rd period - Snap shot by Harry Zolnierczyk.
14:09 of 3rd period - Shot Hit the Post.
14:11 of 3rd period - Snap shot by Jordan Leopold.
14:11 of 3rd period - Stopped by Jean-Francois Berube with a rebound.
14:13 of 3rd period - Slapshot by Kyle Quincey.
14:13 of 3rd period - Shot Misses the Net.
14:15 of 3rd period - Wrist shot by Patrick Kaleta.
14:15 of 3rd period - Shot Misses the Net.
14:37 of 3rd period - Slapshot by Rene Bourque.
14:37 of 3rd period - Stopped by Jean-Francois Berube with a rebound.
14:49 of 3rd period - Minor Penalty to Brandon Defazio for Goalie Interference.
14:50 of 3rd period - Kyle Brodziak wins face-off versus Cody McLeod in Tigers zone.
16:41 of 3rd period - Snap shot by Mike Brown.
16:41 of 3rd period - Stopped by Cam Ward without a rebound.
16:42 of 3rd period - Ryan Craig wins face-off versus Cody McLeod in Tigers zone.
16:49 of 3rd period - Penalty to Brandon Defazio is over, Brandon Defazio is back on ice.
16:54 of 3rd period - Off-side.
16:55 of 3rd period - Evan Trupp wins face-off versus Chandler Stephenson in neutral zone.
17:11 of 3rd period - Wrist shot by Emerson Etem.
17:11 of 3rd period - Stopped by Cam Ward with a rebound.
18:01 of 3rd period - Wrist shot by Alexander Khokhlachev.
18:01 of 3rd period - Stopped by Jean-Francois Berube with a rebound.
18:03 of 3rd period - Slapshot by Jordan Leopold.
18:03 of 3rd period - Stopped by Jean-Francois Berube with a rebound.
18:55 of 3rd period - FARM PLAYER38 is hit by Cody McLeod.
19:16 of 3rd period - Harry Zolnierczyk is hit by Kenny Ryan.
19:17 of 3rd period - Harry Zolnierczyk from Tigers is injured at 19:17 of 3rd period (Left Hand).
19:18 of 3rd period - Alexander Khokhlachev wins face-off versus Kyle Brodziak in Tigers zone.
19:48 of 3rd period - Slapshot by Kyle Quincey.
19:48 of 3rd period - Deflect By Alexander Khokhlachev.
19:48 of 3rd period - Stopped by Jean-Francois Berube without a rebound.
19:49 of 3rd period - Carter Rowney wins face-off versus Ryan Craig in Senators zone.
Goals for this period are 1 for Senators vs 0 for Tigers.
Shots for this period are 15 for Senators vs 14 for Tigers.

Overtime #1


0:01 of 1st overtime period - Cody McLeod wins face-off versus Emerson Etem in neutral zone.
0:22 of 1st overtime period - Backhand shot by Emerson Etem.
0:22 of 1st overtime period - Shot Misses the Net.
0:24 of 1st overtime period - Snap shot by Emerson Etem.
0:24 of 1st overtime period - Stopped by Cam Ward with a rebound.
0:26 of 1st overtime period - Snap shot by Kyle Brodziak.
0:26 of 1st overtime period - Shot Blocked by Cody McLeod.
0:28 of 1st overtime period - Slapshot by Jesse Blacker.
0:28 of 1st overtime period - Shot Blocked by Jordan Leopold.
0:30 of 1st overtime period - Snap shot by Joe Finley.
0:30 of 1st overtime period - Stopped by Cam Ward without a rebound.
0:31 of 1st overtime period - Emerson Etem wins face-off versus Cody McLeod in Tigers zone.
0:40 of 1st overtime period - Snap shot by Emerson Etem.
0:40 of 1st overtime period - Deflect By Kyle Brodziak.
0:40 of 1st overtime period - Stopped by Cam Ward with a rebound.
0:42 of 1st overtime period - Slapshot by Matt Finn.
0:42 of 1st overtime period - Stopped by Cam Ward with a rebound.
0:44 of 1st overtime period - Wrist shot by Emerson Etem.
0:44 of 1st overtime period - Shot Blocked by Kane Lafranchise.
0:46 of 1st overtime period - Wrist shot by Matt Finn.
0:46 of 1st overtime period - Shot Misses the Net.
0:48 of 1st overtime period - Snap shot by Kyle Brodziak.
0:48 of 1st overtime period - Stopped by Cam Ward with a rebound.
1:52 of 1st overtime period - Slapshot by Kyle Quincey.
1:52 of 1st overtime period - Stopped by Jean-Francois Berube with a rebound.
1:54 of 1st overtime period - Slapshot by Patrick Kaleta.
1:54 of 1st overtime period - Shot Misses the Net.
1:56 of 1st overtime period - Slapshot by Kyle Quincey.
1:56 of 1st overtime period - Stopped by Jean-Francois Berube with a rebound.
1:58 of 1st overtime period - Snap shot by Kyle Quincey.
1:58 of 1st overtime period - Stopped by Jean-Francois Berube with a rebound.
2:16 of 1st overtime period - Cody Hodgson is hit by Patrick Kaleta and loses puck.
2:56 of 1st overtime period - Off-side.
2:57 of 1st overtime period - Kenny Ryan wins face-off versus Patrick Kaleta in neutral zone.
3:17 of 1st overtime period - Cody McLeod is hit by Joe Finley and loses puck.
4:09 of 1st overtime period - 10 Minutes Misconduct Penalty to Anthony Peluso is over.
4:51 of 1st overtime period - Kyle Quincey is hit by Kyle Brodziak and loses puck.
Goals for this period are 0 for Senators vs 0 for Tigers.
Shots for this period are 5 for Senators vs 3 for Tigers.

ShootOut


5:00 of 1st overtime period - Penalty Shot by Emerson Etem for Senators.
5:00 of 1st overtime period - Wrist shot by Emerson Etem.
5:00 of 1st overtime period - Stopped by Cam Ward.
5:00 of 1st overtime period - Penalty Shot by Cody McLeod for Tigers.
5:00 of 1st overtime period - Wrist shot by Cody McLeod.
5:00 of 1st overtime period - Stopped by Jean-Francois Berube.
5:00 of 1st overtime period - Penalty Shot by Kyle Brodziak for Senators.
5:00 of 1st overtime period - Backhand shot by Kyle Brodziak.
5:00 of 1st overtime period - Stopped by Cam Ward.
5:00 of 1st overtime period - Penalty Shot by Rene Bourque for Tigers.
5:00 of 1st overtime period - Backhand shot by Rene Bourque.
5:00 of 1st overtime period - Stopped by Jean-Francois Berube.
5:00 of 1st overtime period - Penalty Shot by Cody Hodgson for Senators.
5:00 of 1st overtime period - Deke by Cody Hodgson.
5:00 of 1st overtime period - Stopped by Cam Ward.
5:00 of 1st overtime period - Penalty Shot by Brandon Bollig for Tigers.
5:00 of 1st overtime period - Deke by Brandon Bollig.
5:00 of 1st overtime period - Stopped by Jean-Francois Berube.
5:00 of 1st overtime period - Penalty Shot by Colin Greening for Senators.
5:00 of 1st overtime period - Backhand shot by Colin Greening.
5:00 of 1st overtime period - Shot Misses the Net.
5:00 of 1st overtime period - Penalty Shot by Ty Rattie for Tigers.
5:00 of 1st overtime period - Wrist shot by Ty Rattie.
5:00 of 1st overtime period - Stopped by Jean-Francois Berube.
5:00 of 1st overtime period - Penalty Shot by Ryan Craig for Senators.
5:00 of 1st overtime period - Snap shot by Ryan Craig.
5:00 of 1st overtime period - Stopped by Cam Ward.
5:00 of 1st overtime period - Penalty Shot by Patrick Kaleta for Tigers.
5:00 of 1st overtime period - Snap shot by Patrick Kaleta.
5:00 of 1st overtime period - Shot Misses the Net.
5:00 of 1st overtime period - Penalty Shot by Greg Nemisz for Senators.
5:00 of 1st overtime period - Wrist shot by Greg Nemisz.
5:00 of 1st overtime period - Stopped by Cam Ward.
5:00 of 1st overtime period - Penalty Shot by Jordan Leopold for Tigers.
5:00 of 1st overtime period - Snap shot by Jordan Leopold.
5:00 of 1st overtime period - Goal by Jordan Leopold.